And, neutral male human Tourist ---------------- ------------ |............f.@Y#d dd #y##-d.........`. |..(.....<.....| | |..............| |..............| ---------------- And the Excursionist Experience level: 8 Strength: 9 Dexterity: 12 Constitution: 18 Intelligence: 14 Wisdom: 8 Charisma: 15 Health: 0(81) Energy: 28(28) AC: -5 Gold: 0 Moves: 8903 Your Inventory: Amulets z - an uncursed square amulet [of ESP] (being worn) Weapons a - 38 uncursed +2 darts u - a blessed +1 runed dagger [elven] (weapon in hand) v - 4 uncursed +0 daggers W - 2 uncursed [+0] crude daggers [orcish] (in quiver) Armor e - an uncursed +0 pair of hard shoes [iron] (being worn) k - an uncursed +0 Hawaiian shirt (being worn) y - an uncursed +0 hooded cloak of displacement [dwarvish] (being worn) A - an uncursed +0 banded mail (being worn) M - an uncursed +6 iron skull cap [orcish helm] (being worn) Comestibles s - an uncursed lichen corpse P - an [uncursed] lembas wafer Scrolls j - 3 uncursed scrolls of magic mapping B - a cursed scroll labeled NR 9 [of identify] N - 2 [uncursed] unlabeled scrolls [of blank paper] Q - an uncursed scroll labeled FOOBIE BLETCH [of enchant armor] Potions h - an uncursed black potion [of fruit juice] p - a cursed clear potion [of unholy water] R - a cursed silver potion [of hallucination] U - an uncursed gooey potion [of see invisible] V - an uncursed amber potion [of object detection] Rings S - an uncursed pearl ring named [warning (of warning)] (on right hand) Wands n - an uncursed ceramic wand [of undead turning (0:7)] r - a blessed wand of magic missile [0:1] t - an uncursed crusty wand [of striking (0:5)] Tools b - 15 uncursed [wax] candles f - an uncursed [+0] pick-axe l - an uncursed expensive camera (0:37) m - an uncursed credit card o - an uncursed tin whistle q - 2 uncursed [tallow] candles Spells known in the end: Name Level Category Fail Memory Your skills at the end: Fighting Skills Weapon Skills dagger [Basic / Expert] dart [Basic / Expert] Spellcasting Skills Final Attributes: You were piously aligned. Hunger level was 126. Your alignment was 53 / 54. Monster difficulty range was 1 - 7. Level difficulty was 6. You were telepathic. You were warned. You were displaced. You were held by an owlbear. Your luck was zero. You are dead. Vanquished creatures: a leprechaun 2 gnome mummies a human zombie 4 soldier ants an imp a water nymph 7 rock piercers a rock mole 2 shriekers a violet fungus 9 gnome lords a gray ooze an elf zombie a ghoul a paper golem a wax golem 5 giant ants a little dog 3 floating eyes 3 dwarves 4 homunculi 3 rothes a rabid rat 2 giant bats 6 orc zombies 2 dwarf zombies 3 wererats 4 iguanas 3 killer bees 12 coyotes 3 gas spores 4 hobbits 3 hobgoblins 13 giant rats 7 cave spiders 2 brown molds 4 yellow molds 6 gnomes 3 garter snakes 2 gnome zombies 7 geckos 9 jackals 3 foxes 2 kobolds 2 goblins 6 sewer rats 6 grid bugs 3 bats 12 lichens 2 kobold zombies 9 newts 195 creatures vanquished. Voluntary challenges: You used a wielded weapon 201 times. You read items or engraved 447 times. You put on armor 16 times. You never genocided any monsters. You never polymorphed an object. You never changed form. You used no wishes. You wrote Elbereth's name 320 times. You encountered 1 bones level. You never used any Sokoban shortcuts. Dungeon overview: The Dungeons of Doom: levels 1 to 6 Level 1 an altar to The Lady a long staircase Level 2 an altar Level 3 a jewelry store Level 4 some fountains stairs to The Gnomish Mines Level 5 a fountain, a sink Level 7 <- You were here The Gnomish Mines: Level 5 stairs to The Dungeons of Doom History has recorded: On T:1 you entered the Dungeons of Doom to retrieve the Amulet of Yendor! On T:535 you reached level 2 of The Dungeons of Doom. On T:1197 you reached level 3 of The Dungeons of Doom. On T:2766 you advanced to experience level 2. On T:2824 you advanced to experience level 3. On T:3031 you reached level 4 of The Dungeons of Doom. On T:3074 you advanced to experience level 4. On T:3099 you reached level 5 of The Dungeons of Doom. On T:3449 you reached level 1 of The Gnomish Mines. On T:4580 you advanced to experience level 5. On T:4678 you reached level 6 of The Dungeons of Doom. On T:5734 you advanced to experience level 6. On T:7353 you advanced to experience level 7. On T:8823 you advanced to experience level 8. Latest messages: The magic missile hits the owlbear! The magic missile hits the large dog! You kill the coyote! The owlbear misses. The owlbear hits! You are being crushed. [HP-4=5] Pick an object. Never mind. The magic missile hits the owlbear. The magic missile hits the large dog! The magic missile hits the coyote. The owlbear hits! (2x) You are being crushed. [HP-3=2] You cannot escape from the owlbear! The owlbear hits! The owlbear misses. You are being crushed. You die... Final status: Aloha And the Tourist... You died in The Dungeons of Doom on dungeon level 6 with 2674 points, and 0 pieces of gold, after 8903 moves. You were level 8 with a maximum of 81 hit points when you died.